 Dungeon Crawl Stone Soup version 0.29.1-1-gd02db6906a (webtiles) character file.

Game seed: 5776975297031817805

171 safid the Shooter (level 5, 0/45 HPs)
             Began as a Minotaur Hunter on Oct 6, 2022.
             Slain by an iguana (7 damage)
             ... while paralysed by Grinder
             ... on level 4 of the Dungeon.
             The game lasted 00:02:55 (2639 turns).

safid the Shooter (Minotaur Hunter)                 Turns: 2639, Time: 00:02:56

Health: 0/45       AC:  9    Str: 15    XL:     5   Next: 26%
Magic:  4/4        EV:  2    Int:  6    God:
Gold:   181        SH:  0    Dex: 16    Spells: 4/4 levels left

rFire   . . .      SeeInvis .   o - +1 shortbow (vorpal)
rCold   . . .      Faith    .   (shield currently unavailable)
rNeg    . . .      Spirit   .   d - +0 ring mail
rPois   .          Reflect  +   (helmet restricted)
rElec   .          Harm     .   (no cloak)
rCorr   .          Rampage  .   j - +2 pair of gloves
Will    .....                   s - +0 pair of boots
Stlth   +.........              g - amulet of reflection
HPRegen 0.15/turn               (no ring)
MPRegen 0.09/turn               (no ring)

@: paralysed
A: horns 2, retaliatory headbutt
a: no special abilities


You were on level 4 of the Dungeon.
You visited 1 branch of the dungeon, and saw 4 of its levels.

You collected 181 gold pieces.

Inventory:

Hand Weapons
 o - a +1 vorpal shortbow (weapon)
Armour
 d - a +0 ring mail (worn)
 j - a +2 pair of gloves (worn)
 s - a +0 pair of boots (worn)
Jewellery
 g - an amulet of reflection (around neck)
 r - a ring of fire
Scrolls
 b - 2 scrolls of immolation
 f - a scroll of noise {unknown}
 h - 4 scrolls of identify {unknown}
 i - a scroll of teleportation {unknown}
 l - a scroll of blinking {unknown}
 n - a scroll of fog {unknown}
 p - a scroll of amnesia {unknown}
 q - a scroll of enchant armour {unknown}
Potions
 a - a potion of lignification {unknown}
 c - 2 potions of flight {unknown}
 e - a potion of berserk rage {unknown}
 k - a potion of might {unknown}
 m - a potion of heal wounds {unknown}
 t - a potion of brilliance {unknown}
 u - a potion of cancellation {unknown}


   Skills:
 - Level 3.0 Fighting
 + Level 7.1 Ranged Weapons
 - Level 2.1 Dodging
 - Level 0.7 Stealth


You had 4 spell levels left.
You didn't know any spells.
Your spell library contained the following spells:

 Spells                   Type           Power      Damage    Failure   Level
 Sandblast                Erth           0%         2d4       69%         1
 Passwall                 Tmut/Erth      0%         N/A       83%         2
 Stone Arrow              Conj/Erth      0%         3d7       96%         3


Dungeon Overview and Level Annotations

Branches:
Dungeon (4/15)
 Temple: D:4-7

Altars:
Vehumet

Annotations:
D:4 Grinder


Innate Abilities, Weirdness & Mutations

You have a pair of horns on your head.
You reflexively headbutt those who attack you in melee.


Message History

Grinder says, "FISH!"
Grinder hits you but does no damage. The iguana bites you.
Grinder gestures at you. You resist with significant effort.
The iguana bites you.
You can move again.
You shoot an arrow.
The arrow hits Grinder but does no damage.
Grinder is severely wounded.
Grinder hits you.
You writhe in agony.
The iguana closely misses you. The iguana bites you. Grinder gestures at you.
You resist with significant effort.
You are too injured to fight recklessly!
You are too injured to fight recklessly!
Unknown command.
Fire: o) +1 shortbow (vorpal)
Press: ? - help, Q - select action Shift-Dir - straight line, f/p - Grinder
Aim: Grinder (severely wounded, 62% to hit)
You shoot an arrow. The arrow hits Grinder!
Grinder is almost dead.
You block Grinder's attack. The iguana bites you!
* * * LOW HITPOINT WARNING * * *
Unknown command.
Unknown command.
Fire: o) +1 shortbow (vorpal)
Press: ? - help, Q - select action Shift-Dir - straight line, f/p - Grinder
Aim: Grinder (almost dead, 62% to hit)
You shoot an arrow. The arrow closely misses Grinder.
Grinder barely misses you. You furiously retaliate!
You headbutt Grinder, but do no damage. You block the iguana's attack.
Fire: o) +1 shortbow (vorpal)
Press: ? - help, Q - select action Shift-Dir - straight line, f/p - Grinder
Aim: Grinder (almost dead, 62% to hit)
You shoot an arrow. The arrow closely misses Grinder.
Grinder gestures at you.
You suddenly lose the ability to move!
The iguana bites you.
* * * LOW HITPOINT WARNING * * *
Grinder gestures at you.
You barely resist. The iguana bites you!
You die...

.... ###...
##... #......
.#.$..##..?....
..............
##..........#
............#
..>...5.....#..
#...l@.......
#....#....#.#.
..... #..!##
.... #...# ...
...## .. #.## .
###


You could see Grinder and an iguana.

Vanquished Creatures
  A hound (D:3)
  Terence (D:2)
  3 gnolls
  3 adders
  2 worms (D:2)
  An orc (D:3)
  6 ball pythons
  6 endoplasms
  2 giant cockroaches
  4 hobgoblins
  2 jackals (D:2)
  4 kobolds
  2 quokkas
  6 bats
  5 goblins
  6 rats
54 creatures vanquished.

Notes
Turn   | Place    | Note
-------+----------+-------------------------------------------
     0 | D:1      | safid the Minotaur Hunter began the quest for the Orb.
     0 | D:1      | Reached XP level 1. HP: 18/18 MP: 0/0
    34 | D:1      | Reached XP level 2. HP: 26/26 MP: 1/1
   772 | D:2      | Reached skill level 5 in Ranged Weapons
   788 | D:2      | Reached XP level 3. HP: 31/31 MP: 2/2
  1528 | D:2      | Noticed Terence
  1536 | D:2      | Killed Terence
  1537 | D:2      | Reached skill level 6 in Ranged Weapons
  1537 | D:2      | Reached XP level 4. HP: 20/38 MP: 3/3
  1953 | D:2      | Found a faded altar of an unknown god.
  2408 | D:3      | Found a radiant altar of Vehumet.
  2491 | D:3      | Reached skill level 7 in Ranged Weapons
  2491 | D:3      | Reached XP level 5. HP: 45/45 MP: 4/4
  2620 | D:4      | Noticed Grinder
  2623 | D:4      | Paralysed by Grinder for 5 turns
  2630 | D:4      | Paralysed by Grinder for 5 turns
  2638 | D:4      | Paralysed by Grinder for 4 turns
  2639 | D:4      | Slain by an iguana

Illustrated notes

Levels and vault maps discovered:
D:1:      dpeg_arrival_pits, layout_basic, minmay_misc_feat_roman
D:2:      layout_basic, shapermc_ecumenical_altar_starsandcircs,
          hangedman_decor_growths, hex_tiny, kennysheep_generic_room_6,
          uniq_terence
D:3:      layout_basic, mainiacjoe_overflow_alcove_2
D:4:      layout_cave_pools, dk_yredelemnul_ordeal, uniq_grinder, uniq_sigmund,
          uniq_robin

Skill      XL: |  1  2  3  4 |
---------------+-------------+-----
Fighting       | 3 |  3.0
Ranged Weapons | 5 6 7 |  7.1
Dodging        | |  2.1
Stealth        | |  0.7

Action                   |  1- 3 |  4- 6 || total
-------------------------+-------+-------++-------
 Fire: Shortbow          |    72 |    63 ||   135
Armor: Ring mail         |     2 |     8 ||    10
Dodge: Dodged            |    16 |    14 ||    30
Block: Other             |     7 |     5 ||    12
